 Dungeon Crawl Stone Soup version 0.29.1-12-g30fa7ad0bf (webtiles) character file.

Game seed: 13070291786462839478

553 wormed the Cudgeller (level 7, -2/61 HPs)
             Began as a Minotaur Fighter on Dec 22, 2022.
             Succumbed to a scorpion's poison
             ... on level 3 of the Dungeon.
             The game lasted 00:04:24 (3750 turns).

wormed the Cudgeller (Minotaur Fighter)             Turns: 3750, Time: 00:04:25

Health: -2/61      AC:  8    Str: 22    XL:     7   Next: 8%
Magic:  6/6        EV:  9    Int:  5    God:
Gold:   260        SH:  5    Dex: 10    Spells: 6/6 levels left

rFire   + . .      SeeInvis .   a - +1 flail
rCold   + . .      Faith    .   c - +0 buckler
rNeg    . . .      Spirit   .   b - +0 scale mail
rPois   +          Reflect  .   (helmet restricted)
rElec   +          Harm     .   (no cloak)
rCorr   +          Rampage  .   k - +0 pair of gloves
Will    .....                   (no boots)
Stlth   ..........              (no amulet)
HPRegen 0.20/turn               (no ring)
MPRegen 0.10/turn               (no ring)

@: lethally poisoned (-2 -> -14), resistant
A: horns 2, retaliatory headbutt
a: no special abilities


You were on level 3 of the Dungeon.
You visited 1 branch of the dungeon, and saw 3 of its levels.
You also visited: Sewer.

You collected 260 gold pieces.

Inventory:

Hand Weapons
 a - a +1 flail (weapon)
Missiles
 q - a throwing net (quivered)
Armour
 b - a +0 scale mail (worn)
 c - a +0 buckler (worn)
 k - a +0 pair of gloves (worn)
Jewellery
 r - an amulet of magic regeneration
Scrolls
 e - 2 scrolls of enchant weapon
 f - 2 scrolls of identify {unknown}
 h - a scroll of blinking {unknown}
 i - a scroll of noise {unknown}
 j - 2 scrolls of teleportation
 o - 2 scrolls of enchant armour {unknown}
 t - 2 scrolls of butterflies {unknown}
 u - a scroll of poison {unknown}
Potions
 d - 2 potions of might
 g - a potion of mutation {unknown}
 l - a potion of curing {unknown}
 m - a potion of haste {unknown}
 n - a potion of cancellation
 p - a potion of ambrosia {unknown}
 s - a potion of resistance
 v - a potion of heal wounds {unknown}
 w - a potion of magic {unknown}


   Skills:
 + Level 5.4 Fighting
 * Level 6.1 Maces & Flails
 + Level 5.4 Armour
 + Level 5.4 Shields


You had 6 spell levels left.
You didn't know any spells.
Your spell library contained the following spells:

 Spells                   Type           Power      Damage    Failure   Level
 Ignite Poison            Fire/Tmut/Pois 0%         N/A       99%         3
 Mephitic Cloud           Conj/Pois/Air  0%         N/A       99%         3
 Stone Arrow              Conj/Erth      0%         3d7       99%         3
 Flame Wave               Conj/Fire      0%         2d4       100%        4
 Freezing Cloud           Conj/Ice/Air   0%         6-21      100%        5


Dungeon Overview and Level Annotations

Branches:
Dungeon (3/15)              Sewer (visited)

Altars:


Innate Abilities, Weirdness & Mutations

You have a pair of horns on your head.
You reflexively headbutt those who attack you in melee.


Message History

You feel very sick. The scorpion misses you. The scorpion closely misses you.
You sock the scorpion!
The scorpion is severely wounded.
You feel very sick. The scorpion stings you.
You are more poisoned.
The scorpion poisons you!
You barely miss the scorpion. You headbutt the scorpion.
The scorpion is almost dead.
You feel very sick.
The scorpion stings you but does no damage.
You closely miss the scorpion. Your headbutt misses the scorpion.
The scorpion is almost dead.
* * * LOW HITPOINT WARNING * * *
You feel very sick. The scorpion stings you.
* * * LOW HITPOINT WARNING * * *
You are lethally poisoned!
The scorpion poisons you!
The scorpion stings you but does no damage.
You sock the scorpion!
You kill the scorpion!
* * * LOW HITPOINT WARNING * * *
You feel very sick. The bat hits you.
* * * LOW HITPOINT WARNING * * *
Your Maces & Flails skill increases to level 6!
You have reached level 7!
* * * LOW HITPOINT WARNING * * *
You feel very sick. The bat barely misses you.
It was a potion of cancellation.
You feel magically purged.
* * * LOW HITPOINT WARNING * * *
You feel very sick. The bat barely misses you. You furiously retaliate!
You headbutt the bat!
You kill the bat!
It was a potion of resistance.
You feel protected.
You die...

#..# #..#.....###.#
#.. ##.#
#............# #..
#.# ##.#.)...#####
# #.# #.#.....#
.##. #.####.###.###
#.##.. #.......†..#
#.##.. #.####.#####
#.#### #.# #.#
##############.#
#.# #.#
#.@..........#.####
#.# #.#
#.##########.#.>...
#.# #.# #.#
#............. #.#
#.# #.#
#.#####...[... #.#
... ... #######.
#.# #.. ... #.
#.... #. ..... #.
#.#.#. #.


There were no monsters in sight!

Vanquished Creatures
  4 kobold brigands (Sewer)
  A scorpion (D:3)
  An orc priest (D:3)
  Jessica (D:3)
  7 adders
  2 river rats (Sewer)
  5 worms (Sewer)
  4 orcs (D:3)
  7 ball pythons
  6 bats
  9 endoplasms
  2 giant cockroaches
  2 hobgoblins
  A quokka (D:1)
  3 frilled lizards
  8 goblins (D:1)
  10 kobolds
  4 rats
77 creatures vanquished.

Notes
Turn   | Place    | Note
-------+----------+-------------------------------------------
     0 | D:1      | wormed the Minotaur Fighter began the quest for the Orb.
     0 | D:1      | Reached XP level 1. HP: 19/19 MP: 0/0
   136 | D:1      | Found a faded altar of an unknown god.
   349 | D:1      | Reached XP level 2. HP: 25/27 MP: 1/1
   395 | D:1      | Reached skill level 3 in Maces & Flails
   974 | D:1      | Reached XP level 3. HP: 33/33 MP: 2/2
  1129 | D:2      | Got the Anthology of Calorific Clay
  1775 | D:3      | Noticed Jessica
  1789 | D:3      | Killed Jessica
  1790 | D:3      | Reached XP level 4. HP: 22/40 MP: 3/3
  2020 | D:3      | Reached skill level 4 in Maces & Flails
  2223 | D:3      | Found a glowing drain.
  2228 | Sewer    | Entered a sewer
  2507 | Sewer    | Noticed a kobold brigand
  2530 | Sewer    | Killed a kobold brigand
  2531 | Sewer    | Reached XP level 5. HP: 16/47 MP: 4/4
  2827 | Sewer    | Reached skill level 5 in Maces & Flails
  2933 | Sewer    | Reached XP level 6. HP: 52/55 MP: 5/5
  3181 | Sewer    | Reached skill level 5 in Fighting
  3181 | Sewer    | Reached skill level 5 in Armour
  3181 | Sewer    | Reached skill level 5 in Shields
  3748 | D:3      | Reached skill level 6 in Maces & Flails
  3748 | D:3      | Reached XP level 7. HP: 9/61 MP: 6/6
  3749 | D:3      | HP: 1/61 [poisoned by a scorpion]
  3750 | D:3      | Succumbed to a scorpion's poison

Illustrated notes

Levels and vault maps discovered:
D:1:      eino_arrival_cavern_d, layout_basic,
          hellmonk_ecumenical_altar_inner_sanctum, minmay_misc_feat_alley
D:2:      layout_basic, minmay_misc_feat_more_columns,
          minmay_misc_feat_nine_boxes
D:3:      layout_loops_ring, elyvilon_altar_5, portal_sewer_entry_e,
          kennysheep_orc_chapel, uniq_jessica

Skill      XL: |  1  2  3  4  5  6 |
---------------+-------------------+-----
Maces & Flails | 3 4 5 6 |  6.1
Armour         | 4 5 |  5.4
Shields        | 4 5 |  5.4
Fighting       | 4 5 |  5.4

Action                   |  1- 3 |  4- 6 |  7- 9 || total
-------------------------+-------+-------+-------++-------
Melee: Flail             |    75 |   159 |       ||   234
       Headbutt          |    11 |    18 |       ||    29
  Use: Scroll            |     2 |       |       ||     2
       Potion            |       |       |     2 ||     2
Armor: Scale mail        |    37 |    57 |       ||    94
Dodge: Dodged            |    34 |    52 |     2 ||    88
Block: Buckler           |    20 |    31 |       ||    51
